 Dungeon Crawl Stone Soup version 0.30-b1-2-g02819fbbbe (webtiles) character file.

Game seed: 4369975858866048527

64 LLlMATKO the Chopper (level 3, 0/49 HPs)
             Began as a Minotaur Berserker on May 25, 2023.
             Was a Believer of Trog.
             Slain by a gnoll
             ... wielding a +0 club
              (6 damage)
             ... on level 2 of the Dungeon.
             The game lasted 00:00:40 (696 turns).

LLlMATKO the Chopper (Minotaur Berserker)            Turns: 696, Time: 00:00:40

Health: 0/49       AC:  2    Str: 23    XL:     3   Next: 91%
Magic:  2/2        EV: 13    Int:  4    God:    Trog [**....]
Gold:   63         SH:  0    Dex: 15    Spells: 2/2 levels left

rFire   . . .        a - +0 hand axe
rCold   . . .        (no shield)
rNeg    . . .        b - +0 animal skin
rPois   .            (helmet restricted)
rElec   .            (no cloak)
rCorr   .            (no gloves)
SInv    +            (no boots)
Will    .....        (no amulet) Stlth
                     c - ring of see invisible
HPRegen 0.28/turn    d - +6 ring of dexterity
MPRegen 0.08/turn

%: no passive effects
@: berserking, very quick
A: horns 2, retaliatory headbutt
a: Renounce Religion, Berserk, Trog's Hand


You were on level 2 of the Dungeon.
You worshipped Trog.
Trog was pleased with you.
You visited 1 branch of the dungeon, and saw 2 of its levels.

You collected 63 gold pieces.

Inventory:

Hand Weapons
 a - a +0 hand axe (weapon)
Armour
 b - a +0 animal skin (worn)
Jewellery
 c - a ring of see invisible (left hand)
 d - a +6 ring of dexterity (right hand)


   Skills:
 + Level 4.2 Fighting
 + Level 4.3 Axes
 + Level 3.3 Armour
 + Level 3.0 Dodging


You had 2 spell levels left.
You didn't know any spells.
Your spell library was empty.

Dungeon Overview and Level Annotations

Branches:
Dungeon (2/15)

Altars:


Innate Abilities, Weirdness & Mutations

You have a pair of horns on your head.
You reflexively headbutt those who attack you in melee.


Message History

The gnoll closely misses you.
The gnoll hits you with a +2 heavy flail!
The gnoll hits you with a +0 club.
You fail to use your ability.
A frilled lizard comes into view.
The gnoll barely misses you. You furiously retaliate!
You headbutt the gnoll!
You kill the gnoll!
Trog accepts your kill. The gnoll hits you with a +0 club.
You are too injured to fight recklessly!
Unknown command.
You are too injured to fight recklessly!
Unknown command.
You are too injured to fight recklessly!
A red film seems to cover your vision as you go berserk!
You feel yourself moving faster!
You feel mighty! The gnoll misses you. The gnoll hits you with a +0 club!
* * * LOW HITPOINT WARNING * * *
Unknown command.
You barely miss the gnoll.
The gnoll is moderately wounded.
You completely miss the gnoll. The gnoll hits you but does no damage.
The gnoll barely misses you. You furiously retaliate!
You headbutt the gnoll!
You kill the gnoll!
Trog accepts your kill.
Your Dodging skill increases to level 3!
You hit the gnoll. Your headbutt misses the gnoll.
The gnoll is heavily wounded.
Unknown command.
Unknown command.
You closely miss the gnoll. Your headbutt misses the gnoll.
The gnoll is heavily wounded.
The gnoll hits you with a +0 club!
* * * LOW HITPOINT WARNING * * *
Unknown command.
You slash the ball python!
You kill the ball python!
Trog accepts your kill.
You barely miss the gnoll. The gnoll hits you with a +0 club.
You die...

......
.....
#...#
#...#
#l..#
#...#
#)g.#
#@).#
#...#
##.##
.# ..
...
##. ..


You could see a gnoll and a frilled lizard.

Vanquished Creatures
  4 gnolls
  3 ball pythons
  3 endoplasms (D:1)
  A giant cockroach (D:1)
  2 goblins (D:1)
  3 hobgoblins (D:1)
  A quokka (D:1)
  2 frilled lizards (D:1)
  7 kobolds (D:1)
  2 rats (D:1)
28 creatures vanquished.

Notes
Turn   | Place    | Note
-------+----------+-------------------------------------------
     0 | D:1      | LLlMATKO the Minotaur Berserker began the quest for the
                  | Orb.
     0 | D:1      | Reached XP level 1. HP: 19/19 MP: 0/0
    96 | D:1      | Reached XP level 2. HP: 24/27 MP: 1/1
   370 | D:1      | Reached XP level 3. HP: 33/33 MP: 2/2
   616 | D:1      | Reached ** piety under Trog
   696 | D:2      | Slain by a gnoll

Illustrated notes

Levels and vault maps discovered:
D:1:      tarquinn_simple_flora_water_e, layout_loops_ring, serial_glass,
          glass_columns_b, glass_columns_a, minmay_strange_pillars,
          item_on_display_a, item_on_display_a, serial_park_tiny_pond
D:2:      layout_loops_cross, hangedman_glass_teeth, uniq_terence, uniq_jessica

Skill      XL: |  1  2  3 |
---------------+----------+-----
Fighting       | 4 |  4.2
Axes           | 4 |  4.3
Armour         | 3 |  3.3
Dodging        | 3 |  3.0

Action                     || total
---------------------------++-------
  Melee: Hand axe          ||    49
         Headbutt          ||     8
         Punch             ||     1
 Invoke: Berserk           ||     1
   Stab: Sleeping          ||     1
 Armour: Animal skin       ||     8
  Dodge: Dodged            ||    25
